 Dungeon Crawl Stone Soup version 0.24.0-13-gcf9b319 (webtiles) character file.

Game seed: 9242020418074058318, levelgen mode: deterministic

410 Fortress the Digger (level 6, 0/32 HPs)
             Began as a Gargoyle Earth Elementalist on Jan 6, 2020.
             Slain by a centaur (7 damage)
             ... on level 6 of the Dungeon.
             The game lasted 00:18:56 (4796 turns).

Fortress the Digger (Gargoyle Earth Elementalist)   Turns: 4796, Time: 00:18:57

Health: 0/32       AC:  8    Str: 12    XL:     6   Next: 89%
Magic:  12/12      EV: 11    Int: 17    God:
Gold:   281        SH:  0    Dex: 10    Spells: 10/14 levels left

rFire    . . .     SeeInvis .   a - +1 dagger
rCold    . . .     Gourm    .   (no shield)
rNeg     + . .     Faith    .   x - +0 leather armour
rPois    ∞         Spirit   .   (no helmet)
rElec    +         Reflect  .   (no cloak)
rCorr    .         Harm     .   (no gloves)
MR       .....                  v - +0 pair of boots
Stlth    ++........             (no amulet)
HPRegen  0.10/turn              (no ring)
MPRegen  0.13/turn              (no ring)

@: no status effects
A: negative energy resistance 1, electricity resistance, unbreathing,
petrification resistance, rot immunity, AC +4
a: no special abilities


You were on level 6 of the Dungeon.
You were not hungry.

You visited 1 branch of the dungeon, and saw 6 of its levels.

You collected 281 gold pieces.

Inventory:

Hand Weapons
 a - a +1 dagger (weapon)
Missiles
 r - 13 poisoned darts (quivered)
Armour
 v - a +0 pair of boots (worn)
 x - a +0 leather armour (worn)
Jewellery
 k - an uncursed ring of protection from cold {unknown}
 u - an uncursed ring of stealth {unknown}
Wands
 t - a wand of random effects (16)
Scrolls
 f - a scroll of enchant armour {unknown}
 g - 2 scrolls of blinking {unknown}
 h - 5 scrolls of teleportation {unknown}
 i - 6 scrolls of identify {unknown}
 l - a scroll of amnesia {unknown}
 n - 3 scrolls of random uselessness {unknown}
 p - a scroll of fear {unknown}
 q - a scroll of fog {unknown}
Potions
 e - a potion of invisibility {unknown}
 j - a potion of flight {unknown}
 m - a potion of resistance {unknown}
 o - a potion of degeneration {unknown}
 s - 2 potions of agility {unknown}
Comestibles
 d - 14 rations


   Skills:
 + Level 1.9 Dodging
 + Level 3.1 Stealth
 + Level 4.5 Spellcasting
   Level 0.7 Transmutations
 + Level 6.5 Earth Magic


You had 10 spell levels left.
You knew the following spells:

 Your Spells              Type           Power        Failure   Level  Hunger
a - Sandblast             Erth           ####..       1%          1    None
b - Stone Arrow           Conj/Erth      ###...       14%         3    ###....

Your spell library contained the following spells:

 Spells                   Type           Power        Failure   Level  Hunger
 Passwall                 Tmut/Erth      ###.....     6%          2    ##.....
 Lee's Rapid Deconstruct  Erth           ####......   34%         5    ######.
 Petrify                  Tmut/Erth      ###.....     38%         4    ####...


Dungeon Overview and Level Annotations

Branches:
Dungeon (6/15)
 Temple: D:4-7

Altars:
Ashenzari
Fedhas
Gozag
Hepliaklqana
Nemelex Xobeh
Okawaru
Trog
Xom


Innate Abilities, Weirdness & Mutations

You are resistant to torment.
Your stone body is resilient. (AC +4)
You are immune to poison.
You resist negative energy. (rN+)
You are resistant to electric shocks. (rElec)
You can survive without breathing.
You are immune to petrification.
You are immune to rotting.


Message History

You throw a poisoned dart. The poisoned dart hits the centaur.
The centaur is poisoned.
The centaur hits you. The centaur misses you.
You hit the centaur.
The centaur is moderately wounded.
The centaur hits you.
You hit the centaur.
The centaur is moderately wounded.
The centaur hits you. x2
You are too injured to fight recklessly!
You are too injured to fight recklessly!
You are too injured to fight recklessly!
You hit the centaur but do no damage.
The centaur is moderately wounded.
The centaur hits you.
You barely miss the centaur.
The centaur is moderately wounded.
The centaur hits you.
* * * LOW HITPOINT WARNING * * *
The centaur hits you!
You die...

.........###
.......<.[.#
...........#
......#....###
.........((#.###.
....#....(........
.....#........#...
...###..(...### ..
#...@...#
.......c.......
##....>........
....##.....##.. .#
...# #..#### .. ..
... .... ## ..
.##? . #. .. .
#...


You could see a centaur.

Vanquished Creatures
  A centaur zombie (D:5)
  A bullfrog zombie (D:6)
  A bullfrog skeleton (D:5)
  An orc priest (D:2)
  A centaur skeleton (D:5)
  A worker ant (D:4)
  A worker ant zombie (D:5)
  2 adders
  12 river rats (D:5)
  An adder zombie (D:5)
  A worm (D:3)
  2 dart slugs
  4 leopard geckos
  8 orcs
  A giant cockroach (D:3)
  4 goblins
  3 hobgoblins
  10 quokkas
  5 bats
  7 frilled lizards
  A giant cockroach zombie (D:5)
  4 kobolds
  A leopard gecko skeleton (D:4)
  A quokka skeleton (D:5)
  2 quokka zombies (D:5)
  28 rats
104 creatures vanquished.

Notes
Turn   | Place    | Note
-------+----------+-------------------------------------------
     0 | D:1      | Fortress the Gargoyle Earth Elementalist began the quest
                  | for the Orb.
     0 | D:1      | Reached XP level 1. HP: 10/10 MP: 3/3
   213 | D:1      | Reached skill level 4 in Earth Magic
   213 | D:1      | Reached XP level 2. HP: 15/15 MP: 3/5
   794 | D:2      | Found a shimmering altar of Xom.
   814 | D:2      | Reached XP level 3. HP: 19/19 MP: 4/6
  1048 | D:2      | Reached XP level 4. HP: 24/24 MP: 3/8
  1746 | D:3      | Found an iron altar of Okawaru.
  1749 | D:3      | Found a bloodstained altar of Trog.
  2013 | D:3      | Found a shattered altar of Ashenzari.
  2421 | D:3      | Found a hazy altar of Hepliaklqana.
  3001 | D:4      | Reached skill level 5 in Earth Magic
  3001 | D:4      | Reached XP level 5. HP: 25/28 MP: 2/10
  3158 | D:4      | Found an opulent altar of Gozag.
  3159 | D:4      | Found a sparkling altar of Nemelex Xobeh.
  3281 | D:5      | Entered Level 5 of the Dungeon
  3576 | D:5      | Reached XP level 6. HP: 32/32 MP: 0/11
  3695 | D:5      | Reached skill level 6 in Earth Magic
  4183 | D:5      | Found a blossoming altar of Fedhas.
  4235 | D:5      | Learned a level 3 spell: Stone Arrow
  4483 | D:5      | You fall into a shaft and drop 1 floor!
  4796 | D:6      | Slain by a centaur

Levels and vault maps discovered:
D:1:      ncdulo_smallfort, layout_rooms
D:2:      cheibrodos_pilgrimage, layout_loops_ring,
          nicolae_overflow_crystal_walls
D:3:      layout_basic, chequers_temple_overflow_statue_of_worship,
          lemuel_coloured_pillars_altar, lemuel_crystal_altar
D:4:      layout_cave_pools, grunt_temple_overflow_opulence
D:5:      lemuel_ratsnest, layout_loops_ring, serial_undead, serial_undead_b,
          serial_undead_a, serial_undead_d, serial_undead_d, first_ration,
          fedhas_altar_3
D:6:      layout_cave_pools, minmay_temple_entry_metal_lava, basic_altar,
          uniq_eustachio

Skill      XL: |  1  2  3  4  5  6 |
---------------+-------------------+-----
Earth Magic    | 4 5 6 |  6.5
Spellcasting   | 3 4 |  4.5
Stealth        | 3 |  3.1
Dodging        | |  1.9
Transmutations | |  0.7

Action                   |  1- 3 |  4- 6 || total
-------------------------+-------+-------++-------
Melee: Dagger            |    26 |    73 ||    99
Throw: Dart              |       |     3 ||     3
 Cast: Sandblast         |    23 |   125 ||   148
  Use: Scroll            |     2 |       ||     2
  Eat: Chunk             |       |     7 ||     7
       Ration            |       |     2 ||     2
Armor: Robe              |     8 |    14 ||    22
       Leather armour    |       |    12 ||    12
Dodge: Dodged            |    12 |    61 ||    73
